DETROIT vs CALGARY

Created - May 21, 2021 at 15:28

Goals
1 2 3 T
DETROIT 0 0 0 0
CALGARY 2 0 0 2
Shots
1 2 3 T
DETROIT 7 0 4 11
CALGARY 14 6 3 23

1st period

1. CALGARY , Derick Brassard 8 (Jaccob Slavin 43, Mikhail Sergachev 24) at 3:05
2. CALGARY , Tyler Bertuzzi 13 (Chris Tierney 17, Pavel Francouz) at 13:17

Penalties :
Alexander Wennberg (DET) for Goalie Interference (Minor) at 11:09, Tyler Bertuzzi (CGY) for Hooking (Minor) at 13:45

2nd period

No Goal

Penalties :
No Penalty

3rd period

No Goal

Penalties :
Patrik Nemeth (DET) for Hooking (Minor) at 18:14

Goalie Stats

Thomas Greiss (DET), 21 saves from 23 shots - (0.913), L, 12-4-1, 60:00 minutes
Pavel Francouz (CGY), 11 saves from 11 shots - (1.000), W, 32-18-5, 60:00 minutes

Players Stats for DETROIT

Player Name              G  A  P  +/- PIM S  H  SB GA TA FO     MP     PP MP  PK MP  
------------------------------------------------------------------------------------
Aaron Ekblad             0  0  0   0  0   0  0  5  0  0  0/0    23:26   1:11   1:55 
Alexander Wennberg       0  0  0  -1  2   0  0  0  0  0  8/10    7:40   0:00   0:00 
Andrej Sekera            0  0  0  -1  0   0  1  1  0  0  0/0    16:15   0:00   0:00 
Calle Jarnkrok           0  0  0   0  0   1  0  0  0  0  1/1    19:02   1:11   1:26 
Chandler Stephenson      0  0  0  -1  0   1  0  0  0  0  0/0     7:41   0:00   0:00 
Christian Dvorak         0  0  0  -1  0   0  0  0  0  0  6/10   14:35   0:00   0:00 
Colton Sceviour          0  0  0  -1  0   0  0  0  0  0  0/0    14:35   0:00   0:00 
Ian Cole                 0  0  0  -1  0   2  1  0  0  0  0/0    20:19   0:48   1:49 
Justin Abdelkader        0  0  0  -1  0   0  1  0  0  0  1/1    14:35   0:00   0:00 
Max Domi                 0  0  0   0  0   2  1  0  0  0  0/0    17:50   0:48   1:26 
Oscar Klefbom            0  0  0  -1  0   0  0  2  0  0  0/0    20:19   0:48   1:49 
Patrik Nemeth            0  0  0  -1  2   0  3  0  0  0  0/0    16:14   0:00   0:00 
Ryan Nugent-Hopkins      0  0  0   0  0   2  1  0  0  0  12/20  19:54   1:11   2:18 
Scott Laughton           0  0  0   0  0   1  1  0  0  0  5/10   16:24   0:48   0:00 
Taylor Hall              0  0  0   0  0   2  4  0  0  0  0/2    19:54   1:11   2:18 
Tyler Myers              0  0  0   0  0   0  1  1  0  0  0/0    23:26   1:11   1:55 
Valeri Nichushkin        0  0  0  -1  0   0  0  0  0  0  0/0     7:41   0:00   0:00 
Zemgus Girgensons        0  0  0   0  0   0  0  0  0  0  0/0    16:24   0:48   0:00 

Players Stats for CALGARY

Player Name              G  A  P  +/- PIM S  H  SB GA TA FO     MP     PP MP  PK MP  
------------------------------------------------------------------------------------
Blake Coleman            0  0  0   0  0   0  2  0  0  0  0/0    18:52   1:28   0:34 
Brock Boeser             0  0  0   0  0   4  0  0  0  0  0/0    18:38   1:28   0:20 
Chris Tierney            0  1  1   1  0   1  0  0  0  0  4/15   17:34   0:00   1:05 
Derick Brassard          1  0  1   1  0   1  0  0  0  0  3/3     5:58   0:00   0:00 
Drake Caggiula           0  0  0   1  0   0  4  0  0  0  0/1    16:29   0:00   0:00 
Elias Pettersson         0  0  0   0  0   1  1  0  0  0  8/19   17:16   2:16   0:00 
Jaccob Slavin            0  1  1   1  0   2  1  1  0  0  0/0    22:14   2:16   1:01 
Jake Gardiner            0  0  0   0  0   0  2  0  0  0  0/0    18:42   0:00   0:58 
Jamie Benn               0  0  0   0  0   2  1  0  0  0  6/15   18:52   1:28   0:34 
Joel Kellman             0  0  0   0  0   0  0  0  0  0  0/0     1:45   0:00   0:00 
Markus Nutivaara         0  0  0   1  0   0  0  0  0  0  0/0    17:36   0:00   0:00 
Matt Nieto               0  0  0   1  0   0  0  0  0  0  0/0     5:58   0:00   0:00 
Mikhail Sergachev        0  1  1   1  0   0  1  0  0  0  0/0    22:14   2:16   1:01 
Mitchell Marner          0  0  0   1  0   7  0  0  0  0  0/1    22:54   2:16   1:25 
Patrik Laine             0  0  0   0  0   0  1  0  0  0  0/0    17:16   2:16   0:00 
Rasmus Dahlin            0  0  0   0  0   0  0  0  0  0  0/0    20:10   1:28   0:58 
Tyler Bertuzzi           1  0  1   1  2   5  1  0  0  0  0/0    17:56   1:28   0:00 
Zach Bogosian            0  0  0   1  0   0  4  2  0  0  0/0    17:36   0:00   0:00 

3 Stars

1 - Derick Brassard (CGY)
2 - Pavel Francouz (CGY)
3 - Tyler Bertuzzi (CGY)

Power Play

DETROIT - 0 on 1 Attempt(s) - 0.00%
CALGARY - 0 on 2 Attempt(s) - 0.00%

Penalty Kill

DETROIT - 2 on 2 Attempt(s) - 100.00% - Score 0 goal in Penalty Kill
CALGARY - 1 on 1 Attempt(s) - 100.00% - Score 0 goal in Penalty Kill

Team Stat

DETROIT - Hits : 14 - Faceoff Wins : 33 - Blocked Shots : 9 - Penalty Minutes : 4
CALGARY - Hits : 18 - Faceoff Wins : 21 - Blocked Shots : 3 - Penalty Minutes : 2

Official

Referees : Tim Mayer and Chris Floresco
Linesman : Kyle Allen and Steven Berry

Game Notes

No Game Note

Finance

Level 1 -- Attendance: 5406 (90.10%) -- Ticket Income $432,480
Level 2 -- Attendance: 4884 (97.68%) -- Ticket Income $244,200
Level 3 -- Attendance: 2000 (100.00%) -- Ticket Income $60,000
Level 4 -- Attendance: 4000 (100.00%) -- Ticket Income $40,000
Luxury Box -- Attendance: 961 (96.10%) -- Ticket Income $168,175
Game was played at the Saddledome.
Total Attendance: 17251 (95.84%)
Total Ticket Income: $944,855
Total Income: $944,855

DETROIT

5 vs 5 Forward 
   Center                   Left Wing                Right Wing               Time % Phy DF OF 
 1 Ryan Nugent-Hopkins      Taylor Hall              Calle Jarnkrok           35     1   2  2  
 2 Scott Laughton           Max Domi                 Zemgus Girgensons        30     1   2  2  
 3 Christian Dvorak         Colton Sceviour          Justin Abdelkader        25     1   2  2  
 4 Alexander Wennberg       Chandler Stephenson      Valeri Nichushkin        10     1   2  2  

5 vs 5 Defense 
   Defense                  Defense                                           Time % Phy DF OF 
 1 Aaron Ekblad             Tyler Myers                                       35     1   2  2  
 2 Oscar Klefbom            Ian Cole                                          30     1   2  2  
 3 Patrik Nemeth            Andrej Sekera                                     25     1   2  2  
 4 Aaron Ekblad             Tyler Myers                                       10     1   2  2  

PowerPlay Forward 
   Center                   Left Wing                Right Wing               Time % Phy DF OF 
 1 Ryan Nugent-Hopkins      Taylor Hall              Calle Jarnkrok           60     1   2  2  
 2 Scott Laughton           Max Domi                 Zemgus Girgensons        40     1   2  2  

PowerPlay Defense
   Defense                  Defense                                           Time % Phy DF OF 
 1 Aaron Ekblad             Tyler Myers                                       60     1   2  2  
 2 Oscar Klefbom            Ian Cole                                          40     1   2  2  

Penalty Kill 4 Players Forward 
   Center                   Wing                     Time % Phy DF OF 
 1 Ryan Nugent-Hopkins      Taylor Hall              60     1   2  2  
 2 Max Domi                 Calle Jarnkrok           40     1   2  2  

Penalty Kill 4 Players Defense
   Defense                  Defense                  Time % Phy DF OF 
 1 Aaron Ekblad             Tyler Myers              60     1   2  2  
 2 Oscar Klefbom            Ian Cole                 40     1   2  2  

Penalty Kill - 3 Players Forward 
   Forward                                           Time % Phy DF OF 
 1 Ryan Nugent-Hopkins                               60     1   2  2  
 2 Taylor Hall                                       40     1   2  2  

Penalty Kill - 3 Players Defense
   Defense                  Defense                  Time % Phy DF OF 
 1 Aaron Ekblad             Tyler Myers              60     1   2  2  
 2 Oscar Klefbom            Ian Cole                 40     1   2  2  

4 vs 4 Forward 
   Center                   Wing                     Time % Phy DF OF 
 1 Ryan Nugent-Hopkins      Taylor Hall              60     1   2  2  
 2 Max Domi                 Calle Jarnkrok           40     1   2  2  

4 vs 4 Defense
   Defense                  Defense                  Time % Phy DF OF 
 1 Aaron Ekblad             Tyler Myers              60     1   2  2  
 2 Oscar Klefbom            Ian Cole                 40     1   2  2  

Last Minutes Offensive
   Center                   Left Wing                Right Wing               Defense                  Defense                  
   Ryan Nugent-Hopkins      Taylor Hall              Calle Jarnkrok           Aaron Ekblad             Tyler Myers              

Last Minutes Defensive
   Center                   Left Wing                Right Wing               Defense                  Defense                  
   Ryan Nugent-Hopkins      Taylor Hall              Calle Jarnkrok           Aaron Ekblad             Tyler Myers              

Goaltenders
Starting : Thomas Greiss            
Backup : John Gibson              

Extra Forwards
Normal : Christian Dvorak, Alexander Wennberg, Colton Sceviour - PP : Christian Dvorak, Alexander Wennberg - PK : Colton Sceviour
Extra Defensemen
Normal : Patrik Nemeth, Andrej Sekera, Oscar Klefbom - PP : Patrik Nemeth - PK : Andrej Sekera, Oscar Klefbom
Penalty Shots
Ryan Nugent-Hopkins, Taylor Hall, Max Domi, Calle Jarnkrok, Scott Laughton

Scratches
Tomas Nosek (Healthy), DET CAPHIT (Suspend), Robert Bortuzzo (Healthy), Brendan Smith (Healthy), Pheonix Copley (Healthy)

CALGARY

5 vs 5 Forward 
   Center                   Left Wing                Right Wing               Time % Phy DF OF 
 1 Elias Pettersson         Mitchell Marner          Patrik Laine             35     0   1  4  
 2 Jamie Benn               Blake Coleman            Brock Boeser             30     0   2  3  
 3 Chris Tierney            Tyler Bertuzzi           Drake Caggiula           25     0   2  3  
 4 Derick Brassard          Mitchell Marner          Matt Nieto               10     2   3  0  

5 vs 5 Defense 
   Defense                  Defense                                           Time % Phy DF OF 
 1 Jaccob Slavin            Mikhail Sergachev                                 35     0   2  3  
 2 Jake Gardiner            Rasmus Dahlin                                     30     0   2  3  
 3 Zach Bogosian            Markus Nutivaara                                  25     2   2  1  
 4 Jaccob Slavin            Mikhail Sergachev                                 10     1   2  2  

PowerPlay Forward 
   Center                   Left Wing                Right Wing               Time % Phy DF OF 
 1 Elias Pettersson         Mitchell Marner          Patrik Laine             60     0   1  4  
 2 Jamie Benn               Tyler Bertuzzi           Brock Boeser             40     0   1  4  

PowerPlay Defense
   Defense                  Defense                                           Time % Phy DF OF 
 1 Jaccob Slavin            Mikhail Sergachev                                 60     0   2  3  
 2 Blake Coleman            Rasmus Dahlin                                     40     0   2  3  

Penalty Kill 4 Players Forward 
   Center                   Wing                     Time % Phy DF OF 
 1 Chris Tierney            Mitchell Marner          60     1   4  0  
 2 Jamie Benn               Blake Coleman            40     1   4  0  

Penalty Kill 4 Players Defense
   Defense                  Defense                  Time % Phy DF OF 
 1 Jaccob Slavin            Mikhail Sergachev        60     1   4  0  
 2 Jake Gardiner            Rasmus Dahlin            40     1   4  0  

Penalty Kill - 3 Players Forward 
   Forward                                           Time % Phy DF OF 
 1 Chris Tierney                                     60     1   4  0  
 2 Blake Coleman                                     40     1   4  0  

Penalty Kill - 3 Players Defense
   Defense                  Defense                  Time % Phy DF OF 
 1 Jaccob Slavin            Mikhail Sergachev        60     1   4  0  
 2 Jake Gardiner            Rasmus Dahlin            40     1   4  0  

4 vs 4 Forward 
   Center                   Wing                     Time % Phy DF OF 
 1 Mitchell Marner          Elias Pettersson         60     0   1  4  
 2 Jamie Benn               Patrik Laine             40     0   2  3  

4 vs 4 Defense
   Defense                  Defense                  Time % Phy DF OF 
 1 Jaccob Slavin            Mikhail Sergachev        60     0   2  3  
 2 Brock Boeser             Rasmus Dahlin            40     0   2  3  

Last Minutes Offensive
   Center                   Left Wing                Right Wing               Defense                  Defense                  
   Elias Pettersson         Mitchell Marner          Patrik Laine             Jaccob Slavin            Mikhail Sergachev        

Last Minutes Defensive
   Center                   Left Wing                Right Wing               Defense                  Defense                  
   Elias Pettersson         Mitchell Marner          Patrik Laine             Jaccob Slavin            Mikhail Sergachev        

Goaltenders
Starting : Pavel Francouz           
Backup : Jack Campbell            

Extra Forwards
Normal : Joel Kellman, Chris Tierney, Brock Boeser - PP : Joel Kellman, Chris Tierney - PK : Brock Boeser
Extra Defensemen
Normal : Zach Bogosian, Markus Nutivaara, Jake Gardiner - PP : Zach Bogosian - PK : Markus Nutivaara, Jake Gardiner
Penalty Shots
Mitchell Marner, Elias Pettersson, Patrik Laine, Jamie Benn, Blake Coleman

Scratches
Anthony Bitetto (Healthy), CGY Cap Hit (Suspend)

% Time on Ice - DETROIT

Lines # - Real PCT - Wanted PCT - Time Play
Normal Forward
1 - 30% - 35% - 16:25
2 - 29% - 30% - 15:36
3 - 27% - 25% - 14:35
4 - 14% - 10% - 7:41
Normal Defense
1 - 30% - 35% - 16:16
2 - 33% - 30% - 17:42
3 - 30% - 25% - 16:15
4 - 7% - 10% - 4:04
PP Forward
1 - 60% - 60% - 1:11
2 - 40% - 40% - 0:48
PP Defense
1 - 60% - 60% - 1:11
2 - 40% - 40% - 0:48
PK Forward
1 - 62% - 60% - 2:18
2 - 38% - 40% - 1:26
PK Defense
1 - 51% - 60% - 1:55
2 - 49% - 40% - 1:49
PK3 Forward
1 - 0% - 60%
2 - 0% - 40%
PK3 Defense
1 - 0% - 60%
2 - 0% - 40%
44 Forward
1 - 0% - 60%
2 - 0% - 40%
44 Defense
1 - 0% - 60%
2 - 0% - 40%
Last Minute Offensive  - 0:00
Last Minute Defensive  - 0:00
Total
Forward - 60:00
Defense - 60:00

% Time on Ice - CALGARY

Lines # - Real PCT - Wanted PCT - Time Play
Normal Forward
1 - 28% - 35% - 15:00
2 - 31% - 30% - 16:50
3 - 30% - 25% - 16:29
4 - 11% - 10% - 5:58
Normal Defense
1 - 30% - 35% - 16:19
2 - 33% - 30% - 17:44
3 - 32% - 25% - 17:36
4 - 5% - 10% - 2:38
PP Forward
1 - 61% - 60% - 2:16
2 - 39% - 40% - 1:28
PP Defense
1 - 61% - 60% - 2:16
2 - 39% - 40% - 1:28
PK Forward
1 - 71% - 60% - 1:25
2 - 29% - 40% - 0:34
PK Defense
1 - 51% - 60% - 1:01
2 - 49% - 40% - 0:58
PK3 Forward
1 - 0% - 60%
2 - 0% - 40%
PK3 Defense
1 - 0% - 60%
2 - 0% - 40%
44 Forward
1 - 0% - 60%
2 - 0% - 40%
44 Defense
1 - 0% - 60%
2 - 0% - 40%
Last Minute Offensive  - 0:00
Last Minute Defensive  - 0:00
Total
Forward - 60:00
Defense - 60:00

Play-by-Play

1st period


0:01 of 1st period - Ryan Nugent-Hopkins wins face-off versus Elias Pettersson in neutral zone.
0:08 of 1st period - Shot by Taylor Hall.
0:08 of 1st period - Stopped by Pavel Francouz without a rebound.
0:09 of 1st period - Jamie Benn wins face-off versus Scott Laughton in CALGARY zone.
0:20 of 1st period - Shot by Brock Boeser.
0:20 of 1st period - Shot Misses the Net.
0:24 of 1st period - Shot by Brock Boeser.
0:24 of 1st period - Stopped by Thomas Greiss without a rebound.
0:25 of 1st period - Christian Dvorak wins face-off versus Chris Tierney in DETROIT zone.
1:03 of 1st period - Icing by Andrej Sekera.
1:04 of 1st period - Elias Pettersson wins face-off versus Christian Dvorak in DETROIT zone.
1:39 of 1st period - Shot by Elias Pettersson.
1:39 of 1st period - Stopped by Thomas Greiss without a rebound.
1:40 of 1st period - Jamie Benn wins face-off versus Ryan Nugent-Hopkins in DETROIT zone.
1:43 of 1st period - Shot by Brock Boeser.
1:43 of 1st period - Shot Blocked by Aaron Ekblad.
2:36 of 1st period - Shot by Ian Cole.
2:36 of 1st period - Stopped by Pavel Francouz without a rebound.
2:37 of 1st period - Derick Brassard wins face-off versus Alexander Wennberg in CALGARY zone.
2:53 of 1st period - Shot by Mitchell Marner.
2:53 of 1st period - Shot Misses the Net.
2:55 of 1st period - Shot by Mikhail Sergachev.
2:55 of 1st period - Shot Blocked by Oscar Klefbom.
2:57 of 1st period - Shot by Derick Brassard.
2:57 of 1st period - Shot Misses the Net.
3:03 of 1st period - Shot by Derick Brassard.
3:03 of 1st period - Shot Misses the Net.
3:05 of 1st period - Shot by Derick Brassard.
3:05 of 1st period - Goal by Derick Brassard - DETROIT : 0 - CALGARY : 1.
3:06 of 1st period - Scott Laughton wins face-off versus Chris Tierney in neutral zone.
3:10 of 1st period - Zemgus Girgensons is hit by Zach Bogosian and loses puck.
3:41 of 1st period - Shot by Tyler Bertuzzi.
3:41 of 1st period - Stopped by Thomas Greiss without a rebound.
3:42 of 1st period - Elias Pettersson wins face-off versus Ryan Nugent-Hopkins in DETROIT zone.
3:49 of 1st period - Shot by Mitchell Marner.
3:49 of 1st period - Stopped by Thomas Greiss without a rebound.
3:50 of 1st period - Ryan Nugent-Hopkins wins face-off versus Elias Pettersson in DETROIT zone.
3:54 of 1st period - Off-side.
3:55 of 1st period - Ryan Nugent-Hopkins wins face-off versus Elias Pettersson in neutral zone.
4:17 of 1st period - Shot by Ryan Nugent-Hopkins.
4:17 of 1st period - Shot Blocked by Jaccob Slavin.
5:05 of 1st period - Shot by Blake Coleman.
5:05 of 1st period - Shot Misses the Net.
5:41 of 1st period - Tyler Myers is hit by Drake Caggiula and loses puck.
7:29 of 1st period - Off-side.
7:30 of 1st period - Christian Dvorak wins face-off versus Chris Tierney in neutral zone.
8:20 of 1st period - Tyler Bertuzzi is hit by Patrik Nemeth and loses puck.
8:44 of 1st period - Shot by Ryan Nugent-Hopkins.
8:44 of 1st period - Stopped by Pavel Francouz without a rebound.
8:45 of 1st period - Alexander Wennberg wins face-off versus Elias Pettersson in CALGARY zone.
9:14 of 1st period - Shot by Mitchell Marner.
9:14 of 1st period - Stopped by Thomas Greiss without a rebound.
9:15 of 1st period - Ryan Nugent-Hopkins wins face-off versus Jamie Benn in DETROIT zone.
10:40 of 1st period - Shot by Mitchell Marner.
10:40 of 1st period - Stopped by Thomas Greiss without a rebound.
10:41 of 1st period - Derick Brassard wins face-off versus Alexander Wennberg in DETROIT zone.
10:47 of 1st period - Icing by Tyler Myers.
10:48 of 1st period - Alexander Wennberg wins face-off versus Chris Tierney in DETROIT zone.
11:09 of 1st period - Minor Penalty to Alexander Wennberg for Goalie Interference.
11:10 of 1st period - Ryan Nugent-Hopkins wins face-off versus Elias Pettersson in DETROIT zone.
12:18 of 1st period - Shot by Brock Boeser.
12:18 of 1st period - Stopped by Thomas Greiss without a rebound.
12:19 of 1st period - Jamie Benn wins face-off versus Ryan Nugent-Hopkins in DETROIT zone.
12:27 of 1st period - Shot by Blake Coleman.
12:27 of 1st period - Deflect By Brock Boeser.
12:27 of 1st period - Stopped by Thomas Greiss without a rebound.
12:28 of 1st period - Ryan Nugent-Hopkins wins face-off versus Elias Pettersson in DETROIT zone.
12:51 of 1st period - Shot by Mikhail Sergachev.
12:51 of 1st period - Shot Misses the Net.
13:17 of 1st period - Shot by Tyler Bertuzzi.
13:17 of 1st period - Goal by Tyler Bertuzzi - DETROIT : 0 - CALGARY : 2.
13:18 of 1st period - Alexander Wennberg wins face-off versus Jamie Benn in neutral zone.
13:20 of 1st period - Tyler Myers is hit by Jake Gardiner and loses puck.
13:28 of 1st period - Icing by Alexander Wennberg.
13:29 of 1st period - Alexander Wennberg wins face-off versus Chris Tierney in DETROIT zone.
13:31 of 1st period - Aaron Ekblad is hit by Drake Caggiula and loses puck.
13:45 of 1st period - Minor Penalty to Tyler Bertuzzi for Hooking.
13:46 of 1st period - Chris Tierney wins face-off versus Taylor Hall in CALGARY zone.
14:10 of 1st period - Shot by Aaron Ekblad.
14:10 of 1st period - Shot Misses the Net.
14:20 of 1st period - Chris Tierney is hit by Taylor Hall and loses puck.
14:51 of 1st period - Shot by Ian Cole.
14:51 of 1st period - Stopped by Pavel Francouz without a rebound.
14:52 of 1st period - Chris Tierney wins face-off versus Scott Laughton in CALGARY zone.
15:15 of 1st period - Shot by Max Domi.
15:15 of 1st period - Stopped by Pavel Francouz without a rebound.
15:16 of 1st period - Ryan Nugent-Hopkins wins face-off versus Jamie Benn in CALGARY zone.
15:17 of 1st period - Shot by Calle Jarnkrok.
15:17 of 1st period - Stopped by Pavel Francouz without a rebound.
15:18 of 1st period - Ryan Nugent-Hopkins wins face-off versus Chris Tierney in CALGARY zone.
15:33 of 1st period - Blake Coleman is hit by Taylor Hall.
16:13 of 1st period - Shot by Jamie Benn.
16:13 of 1st period - Stopped by Thomas Greiss without a rebound.
16:14 of 1st period - Chris Tierney wins face-off versus Scott Laughton in DETROIT zone.
16:19 of 1st period - Shot by Tyler Bertuzzi.
16:19 of 1st period - Stopped by Thomas Greiss with a rebound.
16:47 of 1st period - Shot by Chris Tierney.
16:47 of 1st period - Stopped by Thomas Greiss with a rebound.
18:08 of 1st period - Jamie Benn is hit by Taylor Hall and loses puck.
19:45 of 1st period - Shot by Tyler Bertuzzi.
19:45 of 1st period - Stopped by Thomas Greiss with a rebound.
19:57 of 1st period - Shot by Valeri Nichushkin.
19:57 of 1st period - Shot Misses the Net.
19:59 of 1st period - Shot by Chandler Stephenson.
19:59 of 1st period - Stopped by Pavel Francouz without a rebound.
Goals for this period are 0 for DETROIT vs 2 for CALGARY.
Shots for this period are 7 for DETROIT vs 14 for CALGARY.

2nd period


0:01 of 2nd period - Calle Jarnkrok wins face-off versus Mitchell Marner in neutral zone.
0:04 of 2nd period - Jaccob Slavin is hit by Ryan Nugent-Hopkins and loses puck.
1:06 of 2nd period - Oscar Klefbom is hit by Jamie Benn and loses puck.
1:17 of 2nd period - Shot by Brock Boeser.
1:17 of 2nd period - Stopped by Thomas Greiss without a rebound.
1:18 of 2nd period - Chris Tierney wins face-off versus Christian Dvorak in DETROIT zone.
1:18 of 2nd period - Tyler Bertuzzi is hit by Andrej Sekera and loses puck.
1:34 of 2nd period - Shot by Tyler Bertuzzi.
1:34 of 2nd period - Shot Blocked by Andrej Sekera.
1:40 of 2nd period - Shot by Tyler Bertuzzi.
1:40 of 2nd period - Stopped by Thomas Greiss without a rebound.
1:41 of 2nd period - Scott Laughton wins face-off versus Jamie Benn in DETROIT zone.
2:53 of 2nd period - Shot by Patrik Laine.
2:53 of 2nd period - Shot Misses the Net.
2:57 of 2nd period - Shot by Mikhail Sergachev.
2:57 of 2nd period - Shot Hit the Post.
3:07 of 2nd period - Shot by Mitchell Marner.
3:07 of 2nd period - Stopped by Thomas Greiss with a rebound.
3:14 of 2nd period - Mitchell Marner is hit by Tyler Myers and loses puck.
4:24 of 2nd period - Icing by Oscar Klefbom.
4:25 of 2nd period - Alexander Wennberg wins face-off versus Jamie Benn in DETROIT zone.
4:25 of 2nd period - Valeri Nichushkin is hit by Blake Coleman and loses puck.
4:58 of 2nd period - Shot by Brock Boeser.
4:58 of 2nd period - Shot Blocked by Oscar Klefbom.
5:20 of 2nd period - Mitchell Marner is hit by Ian Cole and loses puck.
5:48 of 2nd period - Icing by Ian Cole.
5:49 of 2nd period - Alexander Wennberg wins face-off versus Chris Tierney in DETROIT zone.
6:27 of 2nd period - Shot by Calle Jarnkrok.
6:27 of 2nd period - Shot Blocked by Zach Bogosian.
7:13 of 2nd period - Shot by Brock Boeser.
7:13 of 2nd period - Shot Misses the Net.
7:15 of 2nd period - Shot by Jaccob Slavin.
7:15 of 2nd period - Stopped by Thomas Greiss without a rebound.
7:16 of 2nd period - Elias Pettersson wins face-off versus Christian Dvorak in DETROIT zone.
8:23 of 2nd period - Max Domi is hit by Blake Coleman and loses puck.
8:35 of 2nd period - Shot by Jamie Benn.
8:35 of 2nd period - Shot Misses the Net.
9:09 of 2nd period - Shot by Taylor Hall.
9:09 of 2nd period - Shot Misses the Net.
9:57 of 2nd period - Shot by Matt Nieto.
9:57 of 2nd period - Shot Misses the Net.
10:18 of 2nd period - Icing by Patrik Laine.
10:19 of 2nd period - Christian Dvorak wins face-off versus Elias Pettersson in CALGARY zone.
10:41 of 2nd period - Mikhail Sergachev is hit by Justin Abdelkader and loses puck.
10:47 of 2nd period - Icing by Elias Pettersson.
10:48 of 2nd period - Scott Laughton wins face-off versus Elias Pettersson in CALGARY zone.
11:04 of 2nd period - Off-side.
11:05 of 2nd period - Jamie Benn wins face-off versus Ryan Nugent-Hopkins in neutral zone.
11:09 of 2nd period - Jake Gardiner is hit by Patrik Nemeth and loses puck.
11:19 of 2nd period - Off-side.
11:20 of 2nd period - Derick Brassard wins face-off versus Scott Laughton in neutral zone.
11:39 of 2nd period - Shot by Zemgus Girgensons.
11:39 of 2nd period - Shot Misses the Net.
11:54 of 2nd period - Shot by Max Domi.
11:54 of 2nd period - Shot Blocked by Zach Bogosian.
12:36 of 2nd period - Shot by Brock Boeser.
12:36 of 2nd period - Shot Misses the Net.
13:24 of 2nd period - Shot by Ryan Nugent-Hopkins.
13:24 of 2nd period - Shot Misses the Net.
13:49 of 2nd period - Off-side.
13:50 of 2nd period - Justin Abdelkader wins face-off versus Elias Pettersson in neutral zone.
13:50 of 2nd period - Justin Abdelkader is hit by Patrik Laine.
15:00 of 2nd period - Off-side.
15:01 of 2nd period - Ryan Nugent-Hopkins wins face-off versus Chris Tierney in neutral zone.
16:42 of 2nd period - Icing by Blake Coleman.
16:43 of 2nd period - Scott Laughton wins face-off versus Jamie Benn in CALGARY zone.
16:59 of 2nd period - Brock Boeser is hit by Scott Laughton.
17:00 of 2nd period - Off-side.
17:01 of 2nd period - Christian Dvorak wins face-off versus Chris Tierney in neutral zone.
17:03 of 2nd period - Off-side.
17:04 of 2nd period - Christian Dvorak wins face-off versus Jamie Benn in neutral zone.
17:22 of 2nd period - Shot by Brock Boeser.
17:22 of 2nd period - Shot Misses the Net.
17:24 of 2nd period - Shot by Blake Coleman.
17:24 of 2nd period - Shot Misses the Net.
17:26 of 2nd period - Shot by Jaccob Slavin.
17:26 of 2nd period - Shot Misses the Net.
17:36 of 2nd period - Shot by Jaccob Slavin.
17:36 of 2nd period - Shot Misses the Net.
17:38 of 2nd period - Shot by Jaccob Slavin.
17:38 of 2nd period - Stopped by Thomas Greiss with a rebound.
17:40 of 2nd period - Shot by Jaccob Slavin.
17:40 of 2nd period - Shot Blocked by Aaron Ekblad.
18:22 of 2nd period - Shot by Mitchell Marner.
18:22 of 2nd period - Stopped by Thomas Greiss without a rebound.
18:23 of 2nd period - Ryan Nugent-Hopkins wins face-off versus Drake Caggiula in DETROIT zone.
18:23 of 2nd period - Oscar Klefbom is hit by Drake Caggiula and loses puck.
18:37 of 2nd period - Taylor Hall is hit by Zach Bogosian and loses puck.
18:44 of 2nd period - Shot by Taylor Hall.
18:44 of 2nd period - Shot Misses the Net.
19:01 of 2nd period - Taylor Hall is hit by Zach Bogosian and loses puck.
19:43 of 2nd period - Max Domi is hit by Zach Bogosian and loses puck.
Goals for this period are 0 for DETROIT vs 0 for CALGARY.
Shots for this period are 0 for DETROIT vs 6 for CALGARY.

3rd period


0:01 of 3rd period - Elias Pettersson wins face-off versus Ryan Nugent-Hopkins in neutral zone.
0:16 of 3rd period - Shot by Taylor Hall.
0:16 of 3rd period - Shot Misses the Net.
1:04 of 3rd period - Shot by Max Domi.
1:04 of 3rd period - Stopped by Pavel Francouz with a rebound.
1:06 of 3rd period - Shot by Scott Laughton.
1:06 of 3rd period - Stopped by Pavel Francouz without a rebound.
1:07 of 3rd period - Christian Dvorak wins face-off versus Jamie Benn in CALGARY zone.
1:07 of 3rd period - Andrej Sekera is hit by Jake Gardiner and loses puck.
2:23 of 3rd period - Chris Tierney is hit by Max Domi and loses puck.
2:56 of 3rd period - Off-side.
2:57 of 3rd period - Ryan Nugent-Hopkins wins face-off versus Elias Pettersson in neutral zone.
3:09 of 3rd period - Ian Cole is hit by Elias Pettersson and loses puck.
4:10 of 3rd period - Icing by Mikhail Sergachev.
4:11 of 3rd period - Jamie Benn wins face-off versus Christian Dvorak in CALGARY zone.
4:25 of 3rd period - Aaron Ekblad is hit by Jaccob Slavin and loses puck.
5:48 of 3rd period - Icing by Oscar Klefbom.
5:49 of 3rd period - Alexander Wennberg wins face-off versus Elias Pettersson in DETROIT zone.
6:10 of 3rd period - Shot by Mitchell Marner.
6:10 of 3rd period - Stopped by Thomas Greiss without a rebound.
6:11 of 3rd period - Ryan Nugent-Hopkins wins face-off versus Jamie Benn in DETROIT zone.
6:24 of 3rd period - Shot by Brock Boeser.
6:24 of 3rd period - Shot Blocked by Aaron Ekblad.
6:26 of 3rd period - Shot by Jamie Benn.
6:26 of 3rd period - Stopped by Thomas Greiss with a rebound.
6:28 of 3rd period - Shot by Mikhail Sergachev.
6:28 of 3rd period - Shot Blocked by Tyler Myers.
6:30 of 3rd period - Shot by Jaccob Slavin.
6:30 of 3rd period - Shot Misses the Net.
6:32 of 3rd period - Shot by Mikhail Sergachev.
6:32 of 3rd period - Shot Misses the Net.
7:53 of 3rd period - Shot by Chris Tierney.
7:53 of 3rd period - Shot Misses the Net.
8:33 of 3rd period - Shot by Brock Boeser.
8:33 of 3rd period - Shot Misses the Net.
9:29 of 3rd period - Shot by Derick Brassard.
9:29 of 3rd period - Shot Misses the Net.
9:36 of 3rd period - Off-side.
9:37 of 3rd period - Elias Pettersson wins face-off versus Scott Laughton in neutral zone.
9:42 of 3rd period - Icing by Scott Laughton.
9:43 of 3rd period - Scott Laughton wins face-off versus Chris Tierney in DETROIT zone.
9:43 of 3rd period - Scott Laughton is hit by Drake Caggiula.
10:38 of 3rd period - Off-side.
10:39 of 3rd period - Jamie Benn wins face-off versus Ryan Nugent-Hopkins in neutral zone.
10:49 of 3rd period - Icing by Ryan Nugent-Hopkins.
10:50 of 3rd period - Elias Pettersson wins face-off versus Ryan Nugent-Hopkins in DETROIT zone.
10:53 of 3rd period - Shot by Mitchell Marner.
10:53 of 3rd period - Shot Blocked by Aaron Ekblad.
11:50 of 3rd period - Alexander Wennberg is hit by Mikhail Sergachev.
15:30 of 3rd period - Shot by Taylor Hall.
15:30 of 3rd period - Shot Misses the Net.
15:32 of 3rd period - Shot by Taylor Hall.
15:32 of 3rd period - Stopped by Pavel Francouz with a rebound.
16:43 of 3rd period - Elias Pettersson is hit by Patrik Nemeth and loses puck.
16:56 of 3rd period - Shot by Elias Pettersson.
16:56 of 3rd period - Deflect By Mitchell Marner.
16:56 of 3rd period - Stopped by Thomas Greiss without a rebound.
16:57 of 3rd period - Alexander Wennberg wins face-off versus Chris Tierney in DETROIT zone.
16:57 of 3rd period - Alexander Wennberg is hit by Tyler Bertuzzi.
17:55 of 3rd period - Shot by Ryan Nugent-Hopkins.
17:55 of 3rd period - Shot Hit the Post.
18:03 of 3rd period - Shot by Ryan Nugent-Hopkins.
18:03 of 3rd period - Stopped by Pavel Francouz without a rebound.
18:04 of 3rd period - Elias Pettersson wins face-off versus Ryan Nugent-Hopkins in CALGARY zone.
18:04 of 3rd period - Mitchell Marner is hit by Taylor Hall and loses puck.
18:14 of 3rd period - Minor Penalty to Patrik Nemeth for Hooking.
18:15 of 3rd period - Elias Pettersson wins face-off versus Taylor Hall in DETROIT zone.
19:21 of 3rd period - Shot by Tyler Bertuzzi.
19:21 of 3rd period - Shot Blocked by Aaron Ekblad.
Goals for this period are 0 for DETROIT vs 0 for CALGARY.
Shots for this period are 4 for DETROIT vs 3 for CALGARY.